TOP OF THE 1ST |
Dayton Dragons batting - Pitching for Lakewood BlueClaws : RHP Jeff Dailey
|
Pitching: RHP Jeff Dailey
|
|
Batting: LHB Nick Nino
|
0-0: Called Strike 0-1: Foul Ball, location: 2F 0-2: Ball 1-2: Ball 2-2: Ground out U3 (Groundball, 3L, EV 93.1 MPH)
|
Batting: LHB Leo Gomez
|
0-0: Ball 1-0: Foul Ball, location: 2F 1-1: SOLO HOME RUN (Flyball, 9LD, EV 94.4 MPH), Distance : 355 ft
|
Batting: LHB Chris Grunwald
|
0-0: Ball 1-0: Foul Ball, location: 2F 1-1: Foul Ball, location: 2F 1-2: Foul Ball, location: 2F 1-2: Ball 2-2: Fly out, F7 (Flyball, 7S, EV 81.2 MPH)
|
Batting: SHB Kristian Kristensen
|
0-0: Ball 1-0: Ball 2-0: Ball 3-0: Base on Balls
|
Batting: RHB Mark Williams
|
0-0: Ball 1-0: Foul Ball, location: 2F 1-1: Foul Ball, location: 2F 1-2: Fly out, F7 (Line Drive, 7D, EV 100.6 MPH)
|
Top of the 1st over - 1 run, 1 hit, 0 errors, 1 left on base; Dayton 1 - Lakewood 0 |
BOTTOM OF THE 1ST |
Lakewood BlueClaws batting - Pitching for Dayton Dragons : RHP Wayne McAllister
|
Pitching: RHP Wayne McAllister
|
|
Batting: RHB Alberto Ramirez
|
0-0: Ball 1-0: Ball 2-0: SINGLE (Line Drive, 78M, EV 94.4 MPH)
|
Batting: SHB Bob Dixon
|
0-0: Ball 1-0: Foul Ball, location: 2F 1-1: Ball 2-1: Foul Ball, location: 2F 2-2: Ball 3-2: Foul Ball, location: 2F 3-2: Fielders Choice at 2nd, 5-4 (Groundball, 56, EV 102.5 MPH)
|
Batting: RHB Victor Arroyo
|
0-0: Ball 1-0: Ball 2-0: Ball 3-0: Called Strike 3-1: Foul Ball, location: 2F 3-2: Foul Ball, location: 2F 3-2: Base on Balls Bob Dixon to second
|
Batting: RHB Danny Krug
|
0-0: Swinging Strike 0-1: Swinging Strike 0-2: Foul Ball, location: 2F 0-2: Strikes out swinging
|
Batting: RHB Roberto Ruiz
|
0-0: Ball Wild Pitch! Bob Dixon to third Victor Arroyo to second 1-0: Foul Ball, location: 2F 1-1: Ball 2-1: Called Strike 2-2: Ball 3-2: Foul Ball, location: 2F 3-2: Strikes out swinging
|
Bottom of the 1st over - 0 runs, 1 hit, 0 errors, 2 left on base; Dayton 1 - Lakewood 0 |
TOP OF THE 2ND |
Dayton Dragons batting - Pitching for Lakewood BlueClaws : RHP Jeff Dailey
|
Batting: RHB Bruno André
|
0-0: Swinging Strike 0-1: Foul Ball, location: 2F 0-2: Ball 1-2: Ground out 5-3 (Groundball, 56S, EV 66.2 MPH)
|
Batting: RHB Jonathan Davis
|
0-0: Ground out 4-3 (Groundball, 4, EV 105.6 MPH)
|
Batting: RHB Pat Grover
|
0-0: Ball 1-0: Called Strike 1-1: Foul Ball, location: 2F 1-2: Ball 2-2: Strikes out swinging
|
Top of the 2nd over - 0 runs, 0 hits, 0 errors, 0 left on base; Dayton 1 - Lakewood 0 |
BOTTOM OF THE 2ND |
Lakewood BlueClaws batting - Pitching for Dayton Dragons : RHP Wayne McAllister
|
Batting: LHB Troy Hodge
|
0-0: Fly out, F8 (Flyball, 8RS, EV 91.9 MPH)
|
Batting: SHB Mike Rueth
|
0-0: Swinging Strike 0-1: Called Strike 0-2: Ball 1-2: Ball 2-2: Ball 3-2: Strikes out swinging
|
Batting: RHB Pedro Mata
|
0-0: Foul Ball, location: 2F 0-1: Ball 1-1: Called Strike 1-2: Foul Ball, location: 2F 1-2: Ball 2-2: Ball 3-2: Base on Balls
|
Batting: RHB William-Floyd Goof
|
0-0: Ball 1-0: Ball 2-0: Called Strike 2-1: Swinging Strike 2-2: Strikes out swinging
|
Bottom of the 2nd over - 0 runs, 0 hits, 0 errors, 1 left on base; Dayton 1 - Lakewood 0 |
TOP OF THE 3RD |
Dayton Dragons batting - Pitching for Lakewood BlueClaws : RHP Jeff Dailey
|
Batting: RHB Frank Moron
|
0-0: Foul Ball, location: 2F 0-1: Ball 1-1: Ball 2-1: Called Strike 2-2: Ground out 3-1 (Groundball, 34S, EV 92.5 MPH)
|
Batting: LHB Nick Nino
|
0-0: Ball 1-0: Foul Ball, location: 2F 1-1: Ball 2-1: Foul Ball, location: 2F 2-2: DOUBLE (Groundball, 3L, EV 100.6 MPH)
|
Batting: LHB Leo Gomez
|
0-0: Called Strike Nick Nino steals 3rd base 0-1: SINGLE (Groundball, 25, EV 67.5 MPH) (infield hit)
|
Batting: LHB Chris Grunwald
|
0-0: Called Strike 0-1: Ball 1-1: Ball Leo Gomez steals 2nd base 2-1: Called Strike 2-2: Ball 3-2: Fly out, F9 (Flyball, 89D, EV 94.4 MPH)
|
Batting: SHB Kristian Kristensen
|
0-0: Called Strike 0-1: Ball 1-1: Swinging Strike 1-2: Ball 2-2: Foul Ball, location: 2F 2-2: Ball 3-2: Foul Ball, location: 2F 3-2: Strikes out swinging
|
Top of the 3rd over - 0 runs, 2 hits, 0 errors, 2 left on base; Dayton 1 - Lakewood 0 |
BOTTOM OF THE 3RD |
Lakewood BlueClaws batting - Pitching for Dayton Dragons : RHP Wayne McAllister
|
Batting: RHB Alberto Ramirez
|
0-0: Ball 1-0: Called Strike 1-1: Fly out, F4 (Line Drive, 4, EV 69.4 MPH)
|
Batting: SHB Bob Dixon
|
0-0: Ball 1-0: Fly out, F8 (Flyball, 89D, EV 95.0 MPH)
|
Batting: RHB Victor Arroyo
|
0-0: Fly out, F8 (Flyball, 8RD, EV 101.2 MPH)
|
Bottom of the 3rd over - 0 runs, 0 hits, 0 errors, 0 left on base; Dayton 1 - Lakewood 0 |
TOP OF THE 4TH |
Dayton Dragons batting - Pitching for Lakewood BlueClaws : RHP Jeff Dailey
|
Batting: RHB Mark Williams
|
0-0: Ground out 5-3 (Groundball, 56S, EV 71.2 MPH)
|
Batting: RHB Bruno André
|
0-0: Ball 1-0: Called Strike 1-1: Foul Ball, location: 2F 1-2: Strikes out swinging
|
Batting: RHB Jonathan Davis
|
0-0: Foul Ball, location: 2F 0-1: Swinging Strike 0-2: Foul Ball, location: 2F 0-2: Ball 1-2: Foul Ball, location: 2F 1-2: Ball 2-2: Ground out 6-3 (Groundball, 6MS, EV 72.5 MPH)
|
Top of the 4th over - 0 runs, 0 hits, 0 errors, 0 left on base; Dayton 1 - Lakewood 0 |
BOTTOM OF THE 4TH |
Lakewood BlueClaws batting - Pitching for Dayton Dragons : RHP Wayne McAllister
|
Batting: RHB Danny Krug
|
0-0: Called Strike 0-1: Ball 1-1: Ball 2-1: Foul Ball, location: 2F 2-2: Foul Ball, location: 2F 2-2: Fly out, F3 (Popup, 3, EV 70.0 MPH)
|
Batting: RHB Roberto Ruiz
|
0-0: Ball 1-0: Called Strike 1-1: Ball 2-1: Foul Ball, location: 2F 2-2: Ball 3-2: Strikes out swinging
|
Batting: LHB Troy Hodge
|
0-0: Ball 1-0: Called Strike 1-1: Called Strike 1-2: Ball 2-2: Ball 3-2: SINGLE (Groundball, 4MD, EV 95.0 MPH)
|
Batting: SHB Mike Rueth
|
0-0: Ball 1-0: Swinging Strike 1-1: Foul Ball, location: 2F 1-2: Strikes out looking
|
Bottom of the 4th over - 0 runs, 1 hit, 0 errors, 1 left on base; Dayton 1 - Lakewood 0 |
TOP OF THE 5TH |
Dayton Dragons batting - Pitching for Lakewood BlueClaws : RHP Jeff Dailey
|
Batting: RHB Pat Grover
|
0-0: Ball 1-0: Ball 2-0: Ball 3-0: Called Strike 3-1: Swinging Strike 3-2: Strikes out swinging
|
Batting: RHB Frank Moron
|
0-0: Ball 1-0: Foul Ball, location: 2F 1-1: Swinging Strike 1-2: Ball 2-2: Strikes out swinging
|
Batting: LHB Nick Nino
|
0-0: Foul Ball, location: 2LF, Error on foul ball, E2 0-1: Ground out 4-3 (Groundball, 4, EV 90.6 MPH)
|
Top of the 5th over - 0 runs, 0 hits, 1 error, 0 left on base; Dayton 1 - Lakewood 0 |
BOTTOM OF THE 5TH |
Lakewood BlueClaws batting - Pitching for Dayton Dragons : RHP Wayne McAllister
|
Batting: RHB Pedro Mata
|
0-0: Called Strike 0-1: DOUBLE (Groundball, 3L, EV 106.2 MPH)
|
Batting: RHB William-Floyd Goof
|
0-0: Foul Ball, location: 2F 0-1: Ball 1-1: Swinging Strike 1-2: Foul Ball, location: 2F 1-2: Foul Ball, location: 2F 1-2: Foul Ball, location: 2F 1-2: Ball 2-2: Foul Ball, location: 2F 2-2: Foul Ball, location: 2F 2-2: Ball 3-2: Strikes out swinging
|
Batting: RHB Alberto Ramirez
|
0-0: Ball 1-0: Called Strike 1-1: Ground out 6-3 (Groundball, 6D, EV 98.1 MPH)
|
Batting: SHB Bob Dixon
|
0-0: Ball 1-0: Ball 2-0: Called Strike 2-1: Ball 3-1: Foul Ball, location: 2F 3-2: Hit by Pitch
|
Batting: RHB Victor Arroyo
|
0-0: Foul Ball, location: 2F 0-1: Called Strike 0-2: Foul Ball, location: 2F 0-2: Ball 1-2: Ball 2-2: Foul Ball, location: 2F 2-2: Ball 3-2: Strikes out swinging
|
Bottom of the 5th over - 0 runs, 1 hit, 0 errors, 2 left on base; Dayton 1 - Lakewood 0 |
TOP OF THE 6TH |
Dayton Dragons batting - Pitching for Lakewood BlueClaws : RHP Jeff Dailey
|
Batting: LHB Leo Gomez
|
0-0: Called Strike 0-1: Called Strike 0-2: Strikes out swinging
|
Batting: LHB Chris Grunwald
|
0-0: Foul Ball, location: 2F 0-1: Ball 1-1: Called Strike 1-2: Foul Ball, location: 2F 1-2: Strikes out swinging
|
Batting: SHB Kristian Kristensen
|
0-0: Ball 1-0: Ball 2-0: Ball 3-0: Called Strike 3-1: Base on Balls
|
Batting: RHB Mark Williams
|
0-0: Foul Ball, location: 2F 0-1: Ball 1-1: Swinging Strike 1-2: Foul Ball, location: 2F 1-2: Foul Ball, location: 2F 1-2: Ball 2-2: Ball 3-2: Strikes out swinging
|
Top of the 6th over - 0 runs, 0 hits, 0 errors, 1 left on base; Dayton 1 - Lakewood 0 |
BOTTOM OF THE 6TH |
Lakewood BlueClaws batting - Pitching for Dayton Dragons : RHP Wayne McAllister
|
Batting: RHB Danny Krug
|
0-0: Ball 1-0: SINGLE (Groundball, 56D, EV 100.0 MPH)
|
Pitching: LHP Tim Ketcham
|
|
Batting: RHB Roberto Ruiz
|
0-0: Ball 1-0: Ball 2-0: Fielders Choice at 2nd, 6-4 (Groundball, 6, EV 84.4 MPH)
|
Batting: LHB Troy Hodge
|
0-0: Ball 1-0: Ball 2-0: Reached on error, E5 (Groundball, 56, EV 90.0 MPH) Roberto Ruiz to second
|
Batting: SHB Mike Rueth
|
0-0: Foul Ball, location: 2F 0-1: Swinging Strike 0-2: Strikes out swinging
|
Batting: RHB Pedro Mata
|
0-0: Ground out U3 (Groundball, 3, EV 106.9 MPH)
|
Bottom of the 6th over - 0 runs, 1 hit, 1 error, 2 left on base; Dayton 1 - Lakewood 0 |
TOP OF THE 7TH |
Dayton Dragons batting - Pitching for Lakewood BlueClaws : RHP Jeff Dailey
|
Pitching: RHP Omar Pineda
|
|
Batting: RHB Bruno André
|
0-0: Fly out, F9 (Flyball, 9LS, EV 91.2 MPH)
|
Batting: RHB Jonathan Davis
|
0-0: Ball 1-0: Swinging Strike 1-1: Ball 2-1: Foul Ball, location: 2F 2-2: Foul Ball, location: 2F 2-2: Ball 3-2: Strikes out swinging
|
Batting: RHB Pat Grover
|
0-0: Ball 1-0: Ball 2-0: Ground out 3-1 (Groundball, 34, EV 102.5 MPH)
|
Top of the 7th over - 0 runs, 0 hits, 0 errors, 0 left on base; Dayton 1 - Lakewood 0 |
BOTTOM OF THE 7TH |
Lakewood BlueClaws batting - Pitching for Dayton Dragons : LHP Tim Ketcham
|
Pitching: LHP Mark Sandoval
|
|
Batting: RHB William-Floyd Goof
|
0-0: Reached on error, E5 (Groundball, 56S, EV 86.2 MPH)
|
Batting: RHB Alberto Ramirez
|
0-0: Called Strike 0-1: Bunted foul 0-2: Foul Ball, location: 2F 0-2: Ball 1-2: Foul Ball, location: 2F 1-2: Ball 2-2: Ball 3-2: Base on Balls William-Floyd Goof to second
|
Batting: SHB Bob Dixon
|
0-0: Fly out, F3 (Popup, 34, EV 66.9 MPH)
|
Batting: RHB Victor Arroyo
|
0-0: Ball 1-0: Called Strike 1-1: Swinging Strike 1-2: Ball 2-2: Strikes out swinging
|
Batting: RHB Danny Krug
|
0-0: Swinging Strike 0-1: Ball 1-1: Foul Ball, location: 2F 1-2: Fly out, F9 (Flyball, 89M, EV 84.4 MPH)
|
Bottom of the 7th over - 0 runs, 0 hits, 1 error, 2 left on base; Dayton 1 - Lakewood 0 |
TOP OF THE 8TH |
Dayton Dragons batting - Pitching for Lakewood BlueClaws : RHP Omar Pineda
|
Pitching: RHP Chris Lee
|
|
Batting: RHB Frank Moron
|
0-0: Ball 1-0: Fly out, F8 (Flyball, 8LD, EV 95.0 MPH)
|
Batting: LHB Nick Nino
|
0-0: Called Strike 0-1: Ball 1-1: Foul Ball, location: 2F 1-2: Strikes out swinging
|
Batting: LHB Leo Gomez
|
0-0: Foul Ball, location: 2F 0-1: Ground out 1-3 (Groundball, 13, EV 65.6 MPH)
|
Top of the 8th over - 0 runs, 0 hits, 0 errors, 0 left on base; Dayton 1 - Lakewood 0 |
BOTTOM OF THE 8TH |
Lakewood BlueClaws batting - Pitching for Dayton Dragons : LHP Mark Sandoval
|
Pitching: RHP Joe Green
|
|
Batting: RHB Roberto Ruiz
|
0-0: Called Strike 0-1: Ball 1-1: Foul Ball, location: 2F 1-2: Ball 2-2: Ball 3-2: Foul Ball, location: 2F 3-2: SINGLE (Line Drive, 5D, EV 103.1 MPH)
|
Batting: LHB Troy Hodge
|
0-0: Ball 1-0: Ball 2-0: Foul Ball, location: 2F 2-1: Ball 3-1: Foul Ball, location: 2F 3-2: Fielders Choice at 2nd, 5-4 (Groundball, 5, EV 87.5 MPH)
|
Batting: SHB Mike Rueth
|
0-0: Ground out U3 (Groundball, 3, EV 93.8 MPH) Troy Hodge to second
|
Batting: RHB Pedro Mata
|
0-0: Ball 1-0: Foul Ball, location: 2F 1-1: Foul Ball, location: 2F 1-2: Foul Ball, location: 2F 1-2: Strikes out swinging
|
Bottom of the 8th over - 0 runs, 1 hit, 0 errors, 1 left on base; Dayton 1 - Lakewood 0 |
TOP OF THE 9TH |
Dayton Dragons batting - Pitching for Lakewood BlueClaws : RHP Chris Lee
|
Batting: LHB Chris Grunwald
|
0-0: Foul Ball, location: 2F 0-1: Foul Ball, location: 2F 0-2: Strikes out looking
|
Batting: SHB Kristian Kristensen
|
0-0: Called Strike 0-1: Ball 1-1: Ball 2-1: Swinging Strike 2-2: Ball 3-2: Foul Ball, location: 2F 3-2: Foul Ball, location: 2F 3-2: Ground out 4-3 (Groundball, 4MD, EV 78.1 MPH)
|
Pitching: RHP Ben Clayton
|
|
Batting: RHB Mark Williams
|
0-0: Ball 1-0: Called Strike 1-1: Fly out, F7 (Flyball, 78M, EV 80.6 MPH)
|
Top of the 9th over - 0 runs, 0 hits, 0 errors, 0 left on base; Dayton 1 - Lakewood 0 |
BOTTOM OF THE 9TH |
Lakewood BlueClaws batting - Pitching for Dayton Dragons : RHP Joe Green
|
Pitching: RHP Stacey Kerssies
|
|
Batting: RHB William-Floyd Goof
|
0-0: Foul Ball, location: 2F 0-1: Foul Ball, location: 2F 0-2: Strikes out swinging
|
Batting: RHB Alberto Ramirez
|
0-0: Called Strike 0-1: Foul Ball, location: 2F 0-2: Ball 1-2: Ball 2-2: Fly out, F9 (Flyball, 89S, EV 88.1 MPH)
|
Batting: SHB Bob Dixon
|
0-0: Ball 1-0: Ball 2-0: SINGLE (Flyball, 9LS, EV 86.9 MPH)
|
Batting: RHB Victor Arroyo
|
0-0: Called Strike 0-1: Called Strike 0-2: Ball 1-2: Strikes out swinging
|
Bottom of the 9th over - 0 runs, 1 hit, 0 errors, 1 left on base; Dayton 1 - Lakewood 0 |
|